 Dungeon Crawl Stone Soup version 0.30-b1-2-g02819fbbbe (webtiles) character file.

Game seed: 16721344710176237013

171 Arcadio the Stinger (level 5, -9/38 HPs)
             Began as a Draconian Venom Mage on May 8, 2023.
             Was an Initiate of Sif Muna.
             Mangled by an ogre
             ... wielding a +0 giant spiked club
              (33 damage)
             ... on level 3 of the Dungeon.
             The game lasted 00:13:13 (4654 turns).

Arcadio the Stinger (Draconian Venom Mage)          Turns: 4654, Time: 00:13:14

Health: -9/38      AC:  6    Str: 10    XL:     5   Next: 26%
Magic:  7/9        EV: 12    Int: 17    God:    Sif Muna [......]
Gold:   92         SH:  0    Dex: 12    Spells: 0/10 levels left

rFire   . . .        n - +5 dagger
rCold   . . .        (no shield)
rNeg    . . .        (body armour unavailable)
rPois   .            (helmet restricted)
rElec   .            c - +0 cloak
rCorr   .            (no gloves)
SInv    .            (no boots)
Will    .....        d - amulet of faith
Stlth   ++           (no ring)
HPRegen 0.26/turn    (no ring)
MPRegen 0.11/turn

%: faith
@: no status effects
A: AC +5, unfitting armour, cold-blooded
a: Renounce Religion


You were on level 3 of the Dungeon.
You worshipped Sif Muna.
Sif Muna was noncommittal.
You visited 1 branch of the dungeon, and saw 4 of its levels.

You collected 92 gold pieces.

Inventory:

Hand Weapons
 b - a +0 dagger
 n - a +5 dagger (weapon)
Armour
 c - a +0 cloak (worn)
Jewellery
 d - an amulet of faith (around neck)
Scrolls
 e - 3 scrolls of amnesia {unknown}
 g - a scroll of fear {unknown}
 h - a scroll of noise {unknown}
 i - a scroll of blinking {unknown}
 k - a scroll of poison
Potions
 a - 2 potions of magic
 f - 2 potions of heal wounds
 j - a potion of attraction
 l - a potion of curing
 m - 2 potions of might


   Skills:
 + Level 3.1 Dodging
 - Level 2.4 Stealth
 + Level 3.2 Spellcasting
 - Level 1.0 Transmutations
 + Level 4.0 Poison Magic


You couldn't memorise any spells.
You knew the following spells:

 Your Spells              Type           Power      Damage    Failure   Level
a - Sting                 Tmut/Pois      44%        1d5       6%          1
b - Poisonous Vapours     Pois/Air       18%        N/A       11%         2
c - Mephitic Cloud        Conj/Pois/Air  7%         N/A       30%         3
d - Olgreb's Toxic Radia  Pois           16%        N/A       32%         4

Your spell library contained the following spells:

 Spells                   Type           Power      Damage    Failure   Level


Dungeon Overview and Level Annotations

Branches:
Dungeon (4/15) Zot: 19337
 Temple: D:4-7

Altars:
Hepliaklqana
Makhleb
Nemelex Xobeh
Sif Muna

Shops:
D:1 ?   D:4 (


Innate Abilities, Weirdness & Mutations

Your plain brown scales are hard. (AC +5)
You cannot fit into any form of body armour.
You are cold-blooded and may be slowed by cold attacks.


Message History

You kill the orc!
Sif Muna accepts your kill.
There is a stone staircase leading up here.
An orc is nearby!
Casting: Poisonous Vapours (safe; 11% risk of failure)
Confirm with . or Enter, or press ? or * to list all spells.
Aiming: Poisonous Vapours (safe; 11% risk of failure)
Press: ? - help, Dir - move target, f - orc
Aim: an orc, wielding a +0 whip Poisonous vapours surround the orc!
The orc is poisoned.
Casting: Poisonous Vapours (safe; 11% risk of failure)
Confirm with . or Enter, or press ? or * to list all spells.
Aiming: Poisonous Vapours (safe; 11% risk of failure)
Press: ? - help, Dir - move target, f/p - orc
Aim: an orc, wielding a +0 whip (poisoned) Poisonous vapours surround the orc!
The orc looks even sicker.
Casting: Poisonous Vapours (safe; 11% risk of failure)
Confirm with . or Enter, or press ? or * to list all spells.
You don't have enough magic to cast this spell.
Unknown command.
You climb upwards.
There is a stone staircase leading down here.
Okay, then.
The ogre closely misses you. The ogre attacks as you move away!
The ogre barely misses you.
There is an open door here.
You see here an adder skeleton.
You see here an adder skeleton.
Casting: Poisonous Vapours (safe; 11% risk of failure)
Confirm with . or Enter, or press ? or * to list all spells.
Aiming: Poisonous Vapours (safe; 11% risk of failure)
Press: ? - help, Dir - move target, f - ogre
Aim: an ogre, wielding a +0 giant spiked club Poisonous vapours surround the ogre!
The ogre is poisoned.
The ogre attacks as you move away!
The ogre hits you with a +0 giant spiked club!
The ogre attacks as you move away!
The ogre hits you with a +0 giant spiked club!!
Ouch! That really hurt!
You die...

###### ###
############.##.#####.#
#.........@O..........#
####.##################.#
#....................O..#
#
#.##.####################
#####'##....# #######
.......#....# #......
.......#....# #......
.......#....# #......
.......#.#### ########
#......


You could see an ogre (poisoned).

Vanquished Creatures
  7 adders
  3 gnolls (D:2)
  2 dart slugs
  2 orcs
  3 bats
  9 endoplasms
  2 giant cockroaches (D:2)
  6 goblins
  5 hobgoblins
  7 jackals
  4 quokkas
  8 ball pythons
  4 frilled lizards
  5 kobolds
  8 rats
75 creatures vanquished.

Vanquished Creatures (others)
  27 plants
27 creatures vanquished.

Grand Total: 102 creatures vanquished

Notes
Turn   | Place    | Note
-------+----------+-------------------------------------------
     0 | D:1      | Arcadio the Draconian Venom Mage began the quest for the
                  | Orb.
     0 | D:1      | Reached XP level 1. HP: 14/14 MP: 3/3
   292 | D:1      | Reached XP level 2. HP: 20/20 MP: 1/5
  1120 | D:1      | Found Caniywor's Magic Scroll Shoppe.
  1211 | D:1      | Reached XP level 3. HP: 23/26 MP: 3/6
  1736 | D:2      | Learned a level 2 spell: Poisonous Vapours
  1740 | D:2      | Learned a level 3 spell: Mephitic Cloud
  2264 | D:2      | Found a burning altar of Makhleb.
  2303 | D:2      | Reached XP level 4. HP: 33/33 MP: 2/8
  3304 | D:3      | Noticed an ogre
  3494 | D:3      | Found a hazy altar of Hepliaklqana.
  3600 | D:3      | Reached XP level 5. HP: 38/38 MP: 3/9
  3657 | D:3      | Found a shimmering blue altar of Sif Muna.
  3673 | D:3      | Reached skill level 4 in Poison Magic
  3675 | D:3      | Became a worshipper of Sif Muna the Loreminder
  3750 | D:3      | Learned a level 4 spell: Olgreb's Toxic Radiance
  3861 | D:3      | Found a sparkling altar of Nemelex Xobeh.
  4541 | D:4      | Found Evoatan's Weapon Shop.
  4654 | D:3      | Mangled by an ogre

Illustrated notes

Levels and vault maps discovered:
D:1:      onia_arrival_handbag, layout_basic, serial_shops, shop
D:2:      layout_loops_cross, basic_altar, minivault_19, chequers_big_river,
          chequers_avenue
D:3:      layout_basic, mainiacjoe_overflow_boulevard,
          mainiacjoe_overflow_cross_hatched, lemuel_round_altar,
          lemuel_coloured_pillars_altar, chequers_arboretum
D:4:      layout_loops_ring, serial_shops, nicolae_shop_waterfront, shop_coins,
          nicolae_shop_tiny_waterfront, kennysheep_mini_moat, shop, uniq_edmund,
          uniq_blork_the_orc

Skill      XL: |  1  2  3  4  5 |
---------------+----------------+-----
Stealth        | 2 |  2.4
Dodging        | 2 3 |  3.1
Spellcasting   | 3 |  3.2
Poison Magic   | 4 |  4.0
Transmutations | |  1.0

Action                     |  1- 3 |  4- 6 || total
---------------------------+-------+-------++-------
  Melee: Dagger            |    47 |    67 ||   114
         Tailslap          |     9 |     4 ||    13
         Unarmed           |     3 |       ||     3
   Cast: Sting             |    62 |    23 ||    85
         Poisonous Vapours |    12 |    33 ||    45
    Use: Scroll            |       |     6 ||     6
   Stab: Sleeping          |     1 |     2 ||     3
 Armour: Skin              |    20 |    41 ||    61
  Dodge: Dodged            |    38 |    59 ||    97
